 Dungeon Crawl Stone Soup version 0.29.0-11-gd7f09526c8 (webtiles) character file.

Game seed: 10265502023678238363

2016 gelatine the Gusty (level 9, -1/64 HPs)
             Began as a Demonspawn Air Elementalist on Sept 4, 2022.
             Was a Priest of Makhleb.
             Killed by vampiric draining
             ... invoked by a vampire
              (13 damage)
             ... on level 6 of the Dungeon.
             The game lasted 00:29:35 (8065 turns).

gelatine the Gusty (Demonspawn Air Elementalist)    Turns: 8065, Time: 00:29:36

Health: -1/64      AC:  7    Str:  8    XL:     9   Next: 3%
Magic:  9/15       EV: 13    Int: 21    God:    Makhleb [***...]
Gold:   264        SH:  0    Dex: 14    Spells: 9/16 levels left

rFire   + . .      SeeInvis .   v - staff of air
rCold   + . .      Faith    .   (no shield)
rNeg    . . .      Spirit   .   D - +2 robe {rF+}
rPois   .          Reflect  .   j - +1 helmet
rElec   +          Harm     .   q - +0 cloak
rCorr   +          Rampage  .   (no gloves)
Will    .....                   (no boots)
Stlth   +.........              (no amulet)
HPRegen 0.20/turn               w - ring of protection from cold
MPRegen 0.14/turn               n - ring of resist corrosion

@: confused, mighty
A: hooves 2, large bone plates 1, ignite blood 3
a: Renounce Religion, Minor Destruction, Lesser Servant of Makhleb


You were on level 6 of the Dungeon.
You worshipped Makhleb.
Makhleb was most pleased with you.
You visited 1 branch of the dungeon, and saw 6 of its levels.

You collected 313 gold pieces.
You spent 49 gold pieces at shops.

Inventory:

Hand Weapons
 d - a +5 scimitar
 x - a +2 long sword of venom
 y - a +6 vorpal scythe
Missiles
 b - a throwing net
Armour
 j - a +1 helmet (worn)
 q - a +0 cloak (worn)
 D - a +2 robe of fire resistance (worn)
Magical Staves
 v - a staff of air (weapon)
Jewellery
 n - a ring of resist corrosion (right hand)
 w - a ring of protection from cold (left hand)
Wands
 h - a wand of paralysis (9)
Scrolls
 c - 2 scrolls of immolation
 g - a scroll of teleportation
 k - a scroll of torment
 l - 2 scrolls of vulnerability
 p - a scroll of amnesia
 r - 4 scrolls of noise {unknown}
Potions
 e - 3 potions of lignification
 f - a potion of attraction
 i - 2 potions of curing
 m - a potion of invisibility
 o - 2 potions of haste
 t - a potion of might
 u - a potion of resistance
 z - a potion of flight {unknown}
 A - a potion of degeneration {unknown}
 B - a potion of mutation {unknown}


   Skills:
 * Level 3.3 Fighting
 - Level 1.2 Short Blades
 * Level 2.7 Staves
 * Level 3.7 Dodging
 + Level 2.6 Stealth
 * Level 2.5 Shields
 + Level 4.0 Spellcasting
 * Level 4.3 Conjurations
 + Level 0.1 Transmutations
 * Level 5.2 Air Magic
 * Level 1.6 Poison Magic
 * Level 3.6 Invocations
 * Level 2.8 Evocations


You had 9 spell levels left.
You knew the following spells:

 Your Spells              Type           Power      Damage    Failure   Level
a - Shock                 Conj/Air       100%       1d9       1%          1
b - Static Discharge      Conj/Air       36%        3-8/arc   2%          2
c - Mephitic Cloud        Conj/Pois/Air  29%        N/A       8%          3
d - Sting                 Tmut/Pois      28%        1d4       9%          1

Your spell library contained the following spells:

 Spells                   Type           Power      Damage    Failure   Level
 Magic Dart               Conj           88%        1d7       1%          1
 Swiftness                Air            39%        N/A       4%          3
 Sandblast                Erth           8%         2d5       12%         1
 Summon Small Mammal      Summ           16%        N/A       12%         1
 Airstrike                Air            19%        2d(3-19)  14%         4
 Call Imp                 Summ           4%         N/A       19%         2
 Scorch                   Fire           8%         2d5       19%         2
 Ignite Poison            Fire/Tmut/Pois 6%         N/A       28%         3
 Call Canine Familiar     Summ           4%         N/A       34%         3
 Summon Guardian Golem    Hex/Summ       4%         N/A       34%         3
 Flame Wave               Conj/Fire      13%        2d6       43%         4
 Freezing Cloud           Conj/Ice/Air   13%        6-21      65%         5
 Passage of Golubria      Tloc           4%         N/A       75%         4
 Silence                  Hex/Air        11%        N/A       75%         5
 Summon Cactus Giant      Summ           2%         N/A       100%        6
 Lehudib's Crystal Spear  Conj/Erth      6%         10d3      100%        8


Dungeon Overview and Level Annotations

Branches:
Dungeon (6/15)
 Temple: D:4-7

Altars:
Ashenzari
Hepliaklqana
Makhleb
Okawaru
Vehumet

Shops:
D:3 [


Innate Abilities, Weirdness & Mutations

You have hoof-like feet.
You are partially covered in large bone plates. (SH +4)
Your demonic aura causes all spilled blood to erupt in flames.


Message History

Confirm with . or Enter, or press ? or * to list all spells.
You can't see any susceptible monsters within range! (Use Z to cast anyway.)
Casting: Shock (safe; 1% risk of failure)
Confirm with . or Enter, or press ? or * to list all spells.
You feel a surge of power!
Something is struck by an arc of lightning.
You resist.
You are struck by an arc of lightning.
Something is struck by an arc of lightning!
The lightning grounds out.
Something barely misses you. Something bites you but does no damage.
Casting: Static Discharge (safe; 2% risk of failure)
Confirm with . or Enter, or press ? or * to list all spells.
You feel a surge of power!
Something is struck by an arc of lightning!
You resist.
You are struck by an arc of lightning.
Something is struck by an arc of lightning!
The lightning grounds out.
You hear some strange, mumbled words.
You are confused.
You're too confused to cast spells.
You're too confused to cast spells.
You're too confused to move!
Something hits you. Something bites you.
Something draws strength from your injuries!
You hit something but do no damage.
You hear some strange, mumbled words.
Something tries to affect you, but you resist.
Something hits you!
* * * LOW HITPOINT WARNING * * *
Something barely misses you.
Unknown command.
It was a potion of might.
You feel very mighty all of a sudden.
You hear some strange, mumbled words.
You are more confused.
It was a potion of heal wounds.
You feel much better. Something draws life force from you!
You hit something. Something draws life force from you!
* * * LOW HITPOINT WARNING * * *
You bump into the rock wall.
Something draws life force from you!
You die...

.....# ## ...... ##. ..# ####
###....{###.. #.##...##
#......... #.##....##
..[....## #.#......# #.##
#.#......# ##.## #.#......#
##.### ####..#.....#
##@.###...........# ......
##°...####.......# ..... .#
#.#### ##......# #...#####.#
### #.....## #.....##..#
##...## .........## #...#
..........############
####..##
........(............###...###
...........#####...........#


There were no monsters in sight!

Vanquished Creatures
  Pikel (D:6)
  Sigmund (D:6)
  Eustachio (D:4)
  A sky beast (D:5)
  A black bear (D:6)
  2 ice beasts
  3 lemures (D:6)
  A necrophage (D:5)
  A scorpion (D:6)
  5 wights (D:5)
  3 hounds
  2 jellies (D:5)
  5 iguanas
  An orc wizard (D:3)
  4 gnolls (D:2)
  11 adders
  A river rat (D:5)
  A shadow imp (D:6)
  2 white imps
  2 worms (D:5)
  A dart slug (D:5)
  9 orcs
  7 endoplasms
  3 giant cockroaches (D:5)
  6 goblins
  10 hobgoblins
  2 kobolds
  10 ball pythons
  3 bats
  2 frilled lizards
  2 goblin skeletons (D:3)
  A goblin zombie (D:3)
  2 hobgoblin zombies (D:3)
  3 kobold skeletons (D:3)
  2 kobold zombies (D:3)
  8 rats
120 creatures vanquished.

Notes
Turn   | Place    | Note
-------+----------+-------------------------------------------
     0 | D:1      | gelatine the Demonspawn Air Elementalist began the quest
                  | for the Orb.
     0 | D:1      | Reached XP level 1. HP: 13/13 MP: 3/3
   446 | D:1      | Gained mutation: Your demonic aura sometimes causes spilled
                  | blood to erupt in flames. [demonic ancestry]
   446 | D:1      | Reached XP level 2. HP: 17/19 MP: 0/5
   701 | D:1      | Reached skill level 3 in Air Magic
  1344 | D:2      | Gained mutation: Your demonic aura often causes spilled
                  | blood to erupt in flames. [demonic ancestry]
  1344 | D:2      | Reached XP level 3. HP: 15/24 MP: 0/6
  1747 | D:2      | Reached XP level 4. HP: 5/30 MP: 2/7
  2025 | D:2      | Found a faded altar of an unknown god.
  2027 | D:2      | Prayed at the altar of an unknown god.
  2027 | D:2      | Became a worshipper of Makhleb the Destroyer
  2027 | D:2      | Reached * piety under Makhleb
  2612 | D:3      | Gained mutation: You are partially covered in large bone
                  | plates. (SH +4) [demonic ancestry]
  2612 | D:3      | Reached XP level 5. HP: 22/35 MP: 0/9
  2809 | D:3      | Reached skill level 1 in Short Blades
  2831 | D:3      | Reached ** piety under Makhleb
  3002 | D:3      | Reached skill level 1 in Invocations
  3024 | D:3      | Found Werhek's Armour Shoppe.
  3035 | D:3      | Bought a +0 cloak for 49 gold pieces
  3160 | D:3      | Learned a level 2 spell: Static Discharge
  3623 | D:3      | Found a broken altar of Ashenzari.
  4113 | D:4      | Found a hazy altar of Hepliaklqana.
  4150 | D:4      | Reached skill level 1 in Fighting
  4267 | D:4      | Noticed Eustachio
  4275 | D:4      | Reached skill level 4 in Air Magic
  4289 | D:4      | Killed Eustachio
  4290 | D:4      | Reached skill level 1 in Evocations
  4290 | D:4      | Gained mutation: Your demonic aura causes all spilled blood
                  | to erupt in flames. [demonic ancestry]
  4290 | D:4      | Reached XP level 6. HP: 26/43 MP: 1/10
  4499 | D:4      | Found a radiant altar of Vehumet.
  4612 | D:4      | Reached skill level 1 in Staves
  4962 | D:5      | Entered Level 5 of the Dungeon
  5044 | D:5      | Noticed an ice beast
  5049 | D:5      | Killed an ice beast
  5050 | D:5      | Reached skill level 1 in Shields
  5050 | D:5      | Gained mutation: You have large cloven feet. [demonic
                  | ancestry]
  5050 | D:5      | Reached XP level 7. HP: 46/48 MP: 3/11
  6398 | D:6      | Learned a level 3 spell: Mephitic Cloud
  6411 | D:6      | Reached XP level 8. HP: 57/57 MP: 7/13
  6568 | D:6      | Got the Parchment of the Mountains and Putrescence
  6832 | D:5      | Reached *** piety under Makhleb
  7276 | D:5      | Learned a level 1 spell: Sting
  7334 | D:6      | Reached skill level 5 in Air Magic
  7569 | D:6      | Noticed Sigmund
  7571 | D:6      | Found an iron altar of Okawaru.
  7573 | D:6      | Killed Sigmund
  7574 | D:6      | Reached skill level 1 in Poison Magic
  7659 | D:6      | Noticed Pikel
  7687 | D:6      | Killed Pikel
  7688 | D:6      | Gained mutation: You have hoof-like feet. [demonic
                  | ancestry]
  7688 | D:6      | Reached XP level 9. HP: 12/64 MP: 2/15
  8065 | D:6      | Killed from afar by a vampire

Illustrated notes

Levels and vault maps discovered:
D:1:      sevenhm_arrival_forest_fort_large_4, layout_loops_cross,
          minmay_hedge_maze
D:2:      layout_basic, chequers_ecumenical_altar_twisty
D:3:      layout_basic, mainiacjoe_overflow_alcove_4,
          nicolae_tso_besieged_by_evil, serial_shops, shop
D:4:      layout_gridville, mainiacjoe_overflow_small_starburst,
          nzn_hepliaklqana_mist_gate, uniq_eustachio
D:5:      layout_loops_cross, chequers_ossuary_entry_cave, portal_sewer_entry_e,
          minivault_25
D:6:      cheibrodos_barr_body, layout_layer_cave, mainiacjoe_overflow_catwalk,
          serial_shops, shop, uniq_pikel, uniq_sigmund

Skill      XL: |  1  2  3  4  5  6  7  8 |
---------------+-------------------------+-----
Dodging        | 2 3 |  3.7
Air Magic      | 3 4 5 |  5.2
Conjurations   | 2 3 4 |  4.3
Stealth        | 2 |  2.6
Short Blades   | 1 |  1.2
Invocations    | 1 2 3 |  3.6
Fighting       | 1 2 3 |  3.3
Spellcasting   | 3 4 |  4.0
Evocations     | 1 2 |  2.8
Staves         | 1 2 |  2.7
Shields        | 1 2 |  2.5
Poison Magic   | 1 |  1.6
Transmutations | |  0.1

Action                   |  1- 3 |  4- 6 |  7- 9 || total
-------------------------+-------+-------+-------++-------
Melee: Unarmed           |     4 |       |       ||     4
       Short sword       |     6 |    89 |       ||    95
       Staff             |       |     7 |    48 ||    55
       Kick              |       |       |    22 ||    22
 Cast: Shock             |    56 |   122 |   102 ||   280
       Static Discharge  |       |     3 |    18 ||    21
       Mephitic Cloud    |       |       |     3 ||     3
       Sting             |       |       |     3 ||     3
Evoke: Wand              |       |       |     1 ||     1
  Use: Potion            |     1 |     2 |     2 ||     5
       Scroll            |       |     9 |     3 ||    12
 Stab: Paralysed         |       |       |    10 ||    10
Armor: Robe              |     3 |    38 |    27 ||    68
Dodge: Dodged            |    10 |    63 |    46 ||   119
Block: Other             |       |    13 |     8 ||    21
